Blues vs Kings

Created - 25 mars 2021 at 21:19

Goals
1 2 3 T
Blues 1 0 1 2
Kings 1 0 0 1
Shots
1 2 3 T
Blues 12 14 11 37
Kings 8 6 7 21

1st period

1. Blues , MacKenzie Weegar 2 (Jakob Chychrun 23, Mikko Rantanen 49) at 7:46
2. Kings , Andre Burakovsky 17 (Jesper Fast 26, Mikael Backlund 39) at 8:52

Penalties :
Martin Necas (STL) for Interference (Minor) at 1:00, Sean Couturier (STL) for Hooking (Minor) at 5:31

2nd period

No Goal

Penalties :
Corey Perry (LOS) for Tripping (Minor) at 6:17, Marc-Edouard Vlasic (LOS) for Hooking (Minor) at 9:10

3rd period

3. Blues , Jack Eichel 48 (Seth Jones 52, P.K. Subban 26) at 19:43

Penalties :
Corey Perry (LOS) for Hooking (Minor) at 2:17, Stephen Johns (LOS) for Hooking (Minor) at 6:01

Goalie Stats

Carter Hart (STL), 20 saves from 21 shots - (0,952), W, 45-17-7, 60:00 minutes
Frederik Andersen (LOS), 35 saves from 37 shots - (0,946), L, 23-26-7, 60:00 minutes

Players Stats for Blues

Player Name              G  A  P  +/- PIM S  H  SB GA TA FO     MP     PP MP  PK MP  
------------------------------------------------------------------------------------
Chase De Leo             0  0  0   0  0   0  0  0  0  0  0/0     0:00   0:00   0:00 
Christian Dvorak         0  0  0   0  0   0  0  0  0  0  6/10   14:21   4:12   0:12 
Connor Brown             0  0  0  -1  0   3  0  0  0  0  0/1    22:22   3:39   2:02 
Dougie Hamilton          0  0  0   0  0   1  1  2  0  0  0/0    21:59   3:55   1:37 
Jack Eichel              1  0  1   2  0   6  0  1  0  0  5/12   19:56   3:55   0:00 
Jakob Chychrun           0  1  1   1  0   1  4  1  0  0  0/0    17:49   4:01   0:00 
Johnny Gaudreau          0  0  0   0  0   4  0  0  0  0  2/3    14:23   4:12   0:14 
Jordan Staal             0  0  0   0  0   3  2  0  0  0  2/4     6:19   0:00   0:00 
Josh Bailey              0  0  0   2  0   2  0  0  0  0  2/4    19:57   4:12   0:00 
MacKenzie Weegar         1  0  1   1  0   1  3  3  0  0  0/0    13:48   0:00   0:00 
Martin Necas             0  0  0   0  2   2  7  0  0  0  2/2    16:37   0:00   0:58 
Michael Chaput           0  0  0   0  0   0  0  0  0  0  0/2     8:16   0:05   1:52 
Mikko Rantanen           0  1  1   2  0   3  0  0  0  0  0/1    19:29   3:44   0:00 
Miles Wood               0  0  0  -1  0   2  0  0  0  0  1/2    17:31   0:00   1:42 
P.K. Subban              0  1  1   0  0   1  2  1  0  0  0/0    20:12   0:00   2:21 
Ryan Pulock              0  0  0   0  0   2  0  1  0  0  0/0    18:04   0:00   1:37 
Sean Couturier           0  0  0  -1  2   4  1  0  0  0  21/31  20:44   3:44   0:56 
Seth Jones               0  1  1   0  0   2  0  1  0  0  0/0    24:13   4:01   2:21 

Players Stats for Kings

Player Name              G  A  P  +/- PIM S  H  SB GA TA FO     MP     PP MP  PK MP  
------------------------------------------------------------------------------------
Andre Burakovsky         1  0  1   1  0   5  0  0  0  0  0/0    15:15   2:04   0:25 
Corey Perry              0  0  0  -1  4   0  1  0  0  0  0/1    10:56   0:00   0:00 
Jack Johnson             0  0  0   0  0   1  5  2  0  0  0/0    24:41   1:54   3:24 
Jesper Fast              0  1  1   1  0   2  0  0  0  0  1/1    14:50   2:04   0:00 
Jonathan Toews           0  0  0  -1  0   4  0  1  0  0  12/31  22:13   1:54   4:07 
Jordan Eberle            0  0  0  -1  0   1  1  0  0  0  0/1    21:00   1:54   2:12 
Lucas Wallmark           0  0  0   0  0   0  1  0  0  0  4/7     9:47   0:00   1:37 
Madison Bowey            0  0  0  -1  0   0  1  0  0  0  0/0    15:41   0:00   2:09 
Marc-Edouard Vlasic      0  0  0   0  2   0  0  0  0  0  0/0    23:36   1:54   2:20 
Marco Scandella          0  0  0   0  0   0  1  2  0  0  0/0    21:02   2:04   4:29 
Mikael Backlund          0  1  1   1  0   4  1  0  0  0  8/15   20:09   2:04   5:19 
Nick Bjugstad            0  0  0   0  0   0  0  0  0  0  0/0     7:54   0:00   0:00 
Nick Paul                0  0  0  -1  0   2  0  0  0  0  3/10   11:14   0:00   0:00 
Nicolas Hague            0  0  0  -1  0   1  0  1  0  0  0/0    14:02   0:00   0:30 
Rickard Rakell           0  0  0  -1  0   1  0  1  0  0  2/3    20:18   1:54   2:12 
Stephen Johns            0  0  0   0  2   0  2  2  0  0  0/0    20:14   2:04   3:00 
Tyler Motte              0  0  0   0  0   0  2  0  0  0  0/0     7:54   0:00   0:00 
Zemgus Girgensons        0  0  0  -1  0   0  1  0  0  0  1/3    11:14   0:00   0:00 

3 Stars

1 - MacKenzie Weegar (STL)
2 - Frederik Andersen (LOS)
3 - Jack Eichel (STL)

Power Play

Blues - 0 on 4 Attempt(s) - 0,00%
Kings - 0 on 2 Attempt(s) - 0,00%

Penalty Kill

Blues - 2 on 2 Attempt(s) - 100,00% - Score 0 goal in Penalty Kill
Kings - 4 on 4 Attempt(s) - 100,00% - Score 0 goal in Penalty Kill

Team Stat

Blues - Hits : 20 - Faceoff Wins : 41 - Blocked Shots : 10 - Penalty Minutes : 4
Kings - Hits : 16 - Faceoff Wins : 31 - Blocked Shots : 9 - Penalty Minutes : 8

Official

Referees : Mitch Dunning and Mike Duco
Linesman : Derek Nansen and Kory Nagy

Game Notes

No Game Note

Finance

Level 1 -- Attendance: 6236 (95,94%) -- Ticket Income 592 420 $
Level 2 -- Attendance: 5000 (100,00%) -- Ticket Income 375 000 $
Level 3 -- Attendance: 3002 (85,77%) -- Ticket Income 165 110 $
Level 4 -- Attendance: 2118 (100,00%) -- Ticket Income 84 720 $
Luxury Box -- Attendance: 982 (98,20%) -- Ticket Income 220 950 $
Game was played at the Staples Center.
Total Attendance: 17338 (95,69%)
Total Ticket Income: 1 438 200 $
Other Income: 704 718 $
Total Income: 2 142 918 $

% Time on Ice - Blues

Lines # - Real PCT - Wanted PCT - Time Play
Normal Forward
1 - 33% - 36% - 15:45
2 - 33% - 33% - 15:49
3 - 21% - 25% - 9:57
4 - 13% - 6% - 6:19
Normal Defense
1 - 37% - 40% - 17:35
2 - 34% - 40% - 16:27
3 - 29% - 20% - 13:48
4 - 0% - 0% - 0:00
PP Forward
1 - 47% - 60% - 3:44
2 - 53% - 40% - 4:12
PP Defense
1 - 49% - 60% - 3:55
2 - 51% - 40% - 4:01
PK Forward
1 - 53% - 50% - 2:06
2 - 47% - 50% - 1:52
PK Defense
1 - 59% - 60% - 2:21
2 - 41% - 40% - 1:37
PK3 Forward
1 - 0% - 60%
2 - 0% - 40%
PK3 Defense
1 - 0% - 60%
2 - 0% - 40%
44 Forward
1 - 0% - 50%
2 - 0% - 50%
44 Defense
1 - 0% - 50%
2 - 0% - 50%
Last Minute Offensive  - 0:00
Last Minute Defensive  - 0:16
Total
Forward - 60:00
Defense - 60:00

% Time on Ice - Kings

Lines # - Real PCT - Wanted PCT - Time Play
Normal Forward
1 - 34% - 40% - 16:12
2 - 27% - 30% - 12:46
3 - 23% - 20% - 10:58
4 - 17% - 10% - 7:54
Normal Defense
1 - 38% - 40% - 18:20
2 - 32% - 30% - 15:11
3 - 28% - 20% - 13:16
4 - 2% - 10% - 1:03
PP Forward
1 - 48% - 60% - 1:54
2 - 52% - 40% - 2:04
PP Defense
1 - 48% - 60% - 1:54
2 - 52% - 40% - 2:04
PK Forward
1 - 72% - 60% - 5:44
2 - 28% - 40% - 2:12
PK Defense
1 - 48% - 60% - 3:48
2 - 52% - 40% - 4:08
PK3 Forward
1 - 0% - 60%
2 - 0% - 40%
PK3 Defense
1 - 0% - 60%
2 - 0% - 40%
44 Forward
1 - 0% - 60%
2 - 0% - 40%
44 Defense
1 - 0% - 60%
2 - 0% - 40%
Last Minute Offensive  - 0:16
Last Minute Defensive  - 0:00
Total
Forward - 60:00
Defense - 60:00

Play-by-Play

1st period


0:01 of 1st period - Jack Eichel wins face-off versus Jonathan Toews in neutral zone.
0:06 of 1st period - Shot by Jack Eichel.
0:06 of 1st period - Shot Misses the Net.
0:14 of 1st period - Shot by Jack Eichel.
0:14 of 1st period - Stopped by Frederik Andersen without a rebound.
0:15 of 1st period - Mikael Backlund wins face-off versus Sean Couturier in Kings zone.
0:44 of 1st period - Shot by Miles Wood.
0:44 of 1st period - Stopped by Frederik Andersen without a rebound.
0:45 of 1st period - Zemgus Girgensons wins face-off versus Christian Dvorak in Kings zone.
0:45 of 1st period - Madison Bowey is hit by Martin Necas and loses puck.
0:51 of 1st period - Zemgus Girgensons is hit by Martin Necas and loses puck.
1:00 of 1st period - Minor Penalty to Martin Necas for Interference.
1:01 of 1st period - Jonathan Toews wins face-off versus Michael Chaput in Blues zone.
1:04 of 1st period - Shot by Jordan Eberle.
1:04 of 1st period - Stopped by Carter Hart with a rebound.
1:06 of 1st period - Shot by Jack Johnson.
1:06 of 1st period - Stopped by Carter Hart without a rebound.
1:07 of 1st period - Rickard Rakell wins face-off versus Sean Couturier in Blues zone.
1:08 of 1st period - Shot by Jonathan Toews.
1:08 of 1st period - Shot Misses the Net.
2:53 of 1st period - Shot by Rickard Rakell.
2:53 of 1st period - Stopped by Carter Hart without a rebound.
2:54 of 1st period - Sean Couturier wins face-off versus Jonathan Toews in Blues zone.
3:22 of 1st period - Corey Perry is hit by MacKenzie Weegar and loses puck.
3:35 of 1st period - Shot by Zemgus Girgensons.
3:35 of 1st period - Shot Blocked by MacKenzie Weegar.
3:47 of 1st period - Jakob Chychrun is hit by Tyler Motte and loses puck.
3:58 of 1st period - Shot by Nick Bjugstad.
3:58 of 1st period - Shot Misses the Net.
4:13 of 1st period - Off-side.
4:14 of 1st period - Jonathan Toews wins face-off versus Sean Couturier in neutral zone.
4:26 of 1st period - Shot by Miles Wood.
4:26 of 1st period - Stopped by Frederik Andersen with a rebound.
4:28 of 1st period - Shot by Connor Brown.
4:28 of 1st period - Deflect By Sean Couturier.
4:28 of 1st period - Shot Misses the Net.
4:32 of 1st period - Shot by Sean Couturier.
4:32 of 1st period - Stopped by Frederik Andersen without a rebound.
4:33 of 1st period - Johnny Gaudreau wins face-off versus Mikael Backlund in Kings zone.
4:37 of 1st period - Icing by Marc-Edouard Vlasic.
4:38 of 1st period - Mikael Backlund wins face-off versus Christian Dvorak in Kings zone.
4:43 of 1st period - Shot by Andre Burakovsky.
4:43 of 1st period - Stopped by Carter Hart without a rebound.
4:44 of 1st period - Jonathan Toews wins face-off versus Sean Couturier in Blues zone.
5:06 of 1st period - Shot by Marc-Edouard Vlasic.
5:06 of 1st period - Shot Misses the Net.
5:31 of 1st period - Minor Penalty to Sean Couturier for Hooking.
5:32 of 1st period - Mikael Backlund wins face-off versus Michael Chaput in Blues zone.
5:47 of 1st period - Shot by Mikael Backlund.
5:47 of 1st period - Deflect By Andre Burakovsky.
5:47 of 1st period - Stopped by Carter Hart with a rebound.
5:49 of 1st period - Shot by Stephen Johns.
5:49 of 1st period - Shot Blocked by P.K. Subban.
6:02 of 1st period - Shot by Mikael Backlund.
6:02 of 1st period - Shot Misses the Net.
6:06 of 1st period - Shot by Mikael Backlund.
6:06 of 1st period - Stopped by Carter Hart without a rebound.
6:07 of 1st period - Miles Wood wins face-off versus Jonathan Toews in Blues zone.
6:26 of 1st period - Shot by Jonathan Toews.
6:26 of 1st period - Shot Blocked by Dougie Hamilton.
6:36 of 1st period - Shot by Martin Necas.
6:36 of 1st period - Stopped by Frederik Andersen with a rebound.
7:06 of 1st period - Shot by Andre Burakovsky.
7:06 of 1st period - Stopped by Carter Hart without a rebound.
7:07 of 1st period - Martin Necas wins face-off versus Mikael Backlund in Blues zone.
7:18 of 1st period - Mikael Backlund is hit by Martin Necas and loses puck.
7:42 of 1st period - Shot by Jack Eichel.
7:42 of 1st period - Deflect By Mikko Rantanen.
7:42 of 1st period - Shot Misses the Net.
7:44 of 1st period - Shot by Jakob Chychrun.
7:44 of 1st period - Shot Misses the Net.
7:46 of 1st period - Shot by MacKenzie Weegar.
7:46 of 1st period - Goal by MacKenzie Weegar - Blues : 1 - Kings : 0.
7:47 of 1st period - Lucas Wallmark wins face-off versus Jack Eichel in neutral zone.
7:53 of 1st period - Icing by P.K. Subban.
7:54 of 1st period - Josh Bailey wins face-off versus Jordan Eberle in Blues zone.
8:05 of 1st period - Shot by Mikko Rantanen.
8:05 of 1st period - Stopped by Frederik Andersen without a rebound.
8:06 of 1st period - Nick Paul wins face-off versus Christian Dvorak in Kings zone.
8:16 of 1st period - Marc-Edouard Vlasic is hit by Martin Necas and loses puck.
8:29 of 1st period - Shot by Johnny Gaudreau.
8:29 of 1st period - Stopped by Frederik Andersen without a rebound.
8:30 of 1st period - Sean Couturier wins face-off versus Rickard Rakell in Kings zone.
8:33 of 1st period - Shot by Connor Brown.
8:33 of 1st period - Stopped by Frederik Andersen without a rebound.
8:34 of 1st period - Sean Couturier wins face-off versus Jonathan Toews in Kings zone.
8:48 of 1st period - Icing by P.K. Subban.
8:49 of 1st period - Mikael Backlund wins face-off versus Miles Wood in Blues zone.
8:52 of 1st period - Shot by Andre Burakovsky.
8:52 of 1st period - Goal by Andre Burakovsky - Blues : 1 - Kings : 1.
8:53 of 1st period - Mikael Backlund wins face-off versus Christian Dvorak in neutral zone.
9:06 of 1st period - Christian Dvorak is hit by Mikael Backlund.
9:56 of 1st period - Shot by Jack Eichel.
9:56 of 1st period - Stopped by Frederik Andersen with a rebound.
10:05 of 1st period - Icing by Ryan Pulock.
10:06 of 1st period - Jack Eichel wins face-off versus Nick Paul in Blues zone.
10:25 of 1st period - Shot by Nick Paul.
10:25 of 1st period - Deflect By Corey Perry.
10:25 of 1st period - Shot Blocked by Ryan Pulock.
10:30 of 1st period - Icing by Ryan Pulock.
10:31 of 1st period - Jonathan Toews wins face-off versus Josh Bailey in Blues zone.
10:40 of 1st period - Ryan Pulock is hit by Stephen Johns and loses puck.
11:09 of 1st period - Shot by Sean Couturier.
11:09 of 1st period - Shot Misses the Net.
11:11 of 1st period - Shot by Seth Jones.
11:11 of 1st period - Shot Misses the Net.
11:16 of 1st period - Miles Wood is hit by Marco Scandella and loses puck.
11:45 of 1st period - Shot by Christian Dvorak.
11:45 of 1st period - Shot Misses the Net.
11:47 of 1st period - Shot by Jakob Chychrun.
11:47 of 1st period - Stopped by Frederik Andersen without a rebound.
11:48 of 1st period - Jesper Fast wins face-off versus Jordan Staal in Kings zone.
12:23 of 1st period - Icing by Marc-Edouard Vlasic.
12:24 of 1st period - Mikael Backlund wins face-off versus Jack Eichel in Kings zone.
13:30 of 1st period - Icing by Connor Brown.
13:31 of 1st period - Sean Couturier wins face-off versus Nick Paul in Blues zone.
16:01 of 1st period - Icing by Marc-Edouard Vlasic.
16:02 of 1st period - Lucas Wallmark wins face-off versus Sean Couturier in Kings zone.
16:08 of 1st period - Marc-Edouard Vlasic is hit by MacKenzie Weegar and loses puck.
17:16 of 1st period - Rickard Rakell is hit by P.K. Subban and loses puck.
17:41 of 1st period - Shot by Jonathan Toews.
17:41 of 1st period - Shot Misses the Net.
18:09 of 1st period - Zemgus Girgensons is hit by Dougie Hamilton and loses puck.
18:32 of 1st period - Marco Scandella is hit by Martin Necas.
18:42 of 1st period - Off-side.
18:43 of 1st period - Sean Couturier wins face-off versus Mikael Backlund in neutral zone.
19:40 of 1st period - Shot by Jordan Staal.
19:40 of 1st period - Stopped by Frederik Andersen without a rebound.
19:41 of 1st period - Nick Paul wins face-off versus Mikko Rantanen in Kings zone.
Goals for this period are 1 for Blues vs 1 for Kings.
Shots for this period are 12 for Blues vs 8 for Kings.

2nd period


0:01 of 2nd period - Sean Couturier wins face-off versus Jonathan Toews in neutral zone.
0:21 of 2nd period - Connor Brown is hit by Jack Johnson and loses puck.
0:28 of 2nd period - Shot by Connor Brown.
0:28 of 2nd period - Stopped by Frederik Andersen with a rebound.
0:34 of 2nd period - Shot by Miles Wood.
0:34 of 2nd period - Shot Misses the Net.
0:36 of 2nd period - Shot by Dougie Hamilton.
0:36 of 2nd period - Stopped by Frederik Andersen with a rebound.
0:38 of 2nd period - Shot by Connor Brown.
0:38 of 2nd period - Shot Misses the Net.
1:42 of 2nd period - Shot by Mikko Rantanen.
1:42 of 2nd period - Stopped by Frederik Andersen without a rebound.
1:43 of 2nd period - Nick Paul wins face-off versus Jack Eichel in Kings zone.
3:08 of 2nd period - Icing by Nick Bjugstad.
3:09 of 2nd period - Sean Couturier wins face-off versus Lucas Wallmark in Kings zone.
3:23 of 2nd period - Sean Couturier is hit by Tyler Motte and loses puck.
3:45 of 2nd period - Shot by Jonathan Toews.
3:45 of 2nd period - Deflect By Jordan Eberle.
3:45 of 2nd period - Shot Misses the Net.
3:51 of 2nd period - Marc-Edouard Vlasic is hit by Sean Couturier and loses puck.
4:24 of 2nd period - Christian Dvorak is hit by Jack Johnson and loses puck.
4:32 of 2nd period - Christian Dvorak is hit by Jack Johnson and loses puck.
5:40 of 2nd period - Shot by Jakob Chychrun.
5:40 of 2nd period - Shot Misses the Net.
5:46 of 2nd period - Shot by Josh Bailey.
5:46 of 2nd period - Stopped by Frederik Andersen without a rebound.
5:47 of 2nd period - Sean Couturier wins face-off versus Nick Paul in Kings zone.
6:15 of 2nd period - Sean Couturier is hit by Corey Perry and loses puck.
6:17 of 2nd period - Minor Penalty to Corey Perry for Tripping.
6:18 of 2nd period - Lucas Wallmark wins face-off versus Josh Bailey in Kings zone.
6:24 of 2nd period - Icing by Josh Bailey.
6:25 of 2nd period - Christian Dvorak wins face-off versus Lucas Wallmark in Blues zone.
6:48 of 2nd period - Shot by Seth Jones.
6:48 of 2nd period - Stopped by Frederik Andersen without a rebound.
6:49 of 2nd period - Sean Couturier wins face-off versus Jonathan Toews in Kings zone.
7:15 of 2nd period - Shot by Jack Eichel.
7:15 of 2nd period - Shot Hit the Post.
7:17 of 2nd period - Shot by Connor Brown.
7:17 of 2nd period - Shot Blocked by Marco Scandella.
7:23 of 2nd period - Shot by Sean Couturier.
7:23 of 2nd period - Stopped by Frederik Andersen with a rebound.
7:25 of 2nd period - Shot by Sean Couturier.
7:25 of 2nd period - Stopped by Frederik Andersen with a rebound.
7:51 of 2nd period - Shot by Johnny Gaudreau.
7:51 of 2nd period - Shot Misses the Net.
8:22 of 2nd period - Off-side.
8:23 of 2nd period - Jordan Staal wins face-off versus Nick Paul in neutral zone.
8:40 of 2nd period - Shot by Nick Paul.
8:40 of 2nd period - Stopped by Carter Hart with a rebound.
8:42 of 2nd period - Shot by Madison Bowey.
8:42 of 2nd period - Shot Misses the Net.
8:46 of 2nd period - Shot by Corey Perry.
8:46 of 2nd period - Shot Blocked by Dougie Hamilton.
8:48 of 2nd period - Shot by Zemgus Girgensons.
8:48 of 2nd period - Shot Misses the Net.
8:50 of 2nd period - Shot by Nick Paul.
8:50 of 2nd period - Stopped by Carter Hart without a rebound.
8:51 of 2nd period - Sean Couturier wins face-off versus Jonathan Toews in Blues zone.
8:51 of 2nd period - Sean Couturier is hit by Jordan Eberle.
9:08 of 2nd period - Sean Couturier is hit by Jack Johnson and loses puck.
9:10 of 2nd period - Minor Penalty to Marc-Edouard Vlasic for Hooking.
9:11 of 2nd period - Christian Dvorak wins face-off versus Jonathan Toews in Kings zone.
9:34 of 2nd period - Shot by Christian Dvorak.
9:34 of 2nd period - Deflect By Josh Bailey.
9:34 of 2nd period - Shot Blocked by Jack Johnson.
9:36 of 2nd period - Shot by Josh Bailey.
9:36 of 2nd period - Shot Misses the Net.
9:38 of 2nd period - Shot by Jack Eichel.
9:38 of 2nd period - Shot Blocked by Jack Johnson.
9:40 of 2nd period - Shot by Johnny Gaudreau.
9:40 of 2nd period - Stopped by Frederik Andersen without a rebound.
9:41 of 2nd period - Sean Couturier wins face-off versus Jonathan Toews in Kings zone.
10:45 of 2nd period - Icing by Josh Bailey.
10:46 of 2nd period - Jonathan Toews wins face-off versus Johnny Gaudreau in Blues zone.
10:49 of 2nd period - Shot by Mikael Backlund.
10:49 of 2nd period - Stopped by Carter Hart with a rebound.
10:51 of 2nd period - Shot by Jonathan Toews.
10:51 of 2nd period - Stopped by Carter Hart without a rebound.
10:52 of 2nd period - Christian Dvorak wins face-off versus Jonathan Toews in Blues zone.
11:32 of 2nd period - Shot by Jordan Staal.
11:32 of 2nd period - Shot Misses the Net.
12:31 of 2nd period - Shot by Josh Bailey.
12:31 of 2nd period - Shot Blocked by Nicolas Hague.
12:33 of 2nd period - Shot by Ryan Pulock.
12:33 of 2nd period - Stopped by Frederik Andersen without a rebound.
12:34 of 2nd period - Mikael Backlund wins face-off versus Sean Couturier in Kings zone.
12:46 of 2nd period - Andre Burakovsky is hit by Jakob Chychrun and loses puck.
12:49 of 2nd period - Shot by Jesper Fast.
12:49 of 2nd period - Shot Misses the Net.
12:51 of 2nd period - Shot by Mikael Backlund.
12:51 of 2nd period - Shot Misses the Net.
12:55 of 2nd period - Shot by Andre Burakovsky.
12:55 of 2nd period - Shot Hit the Post.
12:57 of 2nd period - Shot by Jesper Fast.
12:57 of 2nd period - Shot Blocked by MacKenzie Weegar.
12:59 of 2nd period - Shot by Mikael Backlund.
12:59 of 2nd period - Stopped by Carter Hart without a rebound.
13:00 of 2nd period - Jack Eichel wins face-off versus Jonathan Toews in Blues zone.
13:14 of 2nd period - Icing by Jonathan Toews.
13:15 of 2nd period - Christian Dvorak wins face-off versus Jonathan Toews in Kings zone.
13:28 of 2nd period - Shot by Jonathan Toews.
13:28 of 2nd period - Shot Blocked by MacKenzie Weegar.
13:30 of 2nd period - Shot by Marc-Edouard Vlasic.
13:30 of 2nd period - Shot Blocked by Jakob Chychrun.
13:34 of 2nd period - Shot by Jonathan Toews.
13:34 of 2nd period - Shot Misses the Net.
13:36 of 2nd period - Shot by Jonathan Toews.
13:36 of 2nd period - Stopped by Carter Hart without a rebound.
13:37 of 2nd period - Mikael Backlund wins face-off versus Jack Eichel in Blues zone.
14:07 of 2nd period - Shot by Jack Eichel.
14:07 of 2nd period - Shot Blocked by Marco Scandella.
14:09 of 2nd period - Shot by P.K. Subban.
14:09 of 2nd period - Shot Misses the Net.
14:43 of 2nd period - Miles Wood is hit by Stephen Johns and loses puck.
15:44 of 2nd period - Shot by Johnny Gaudreau.
15:44 of 2nd period - Stopped by Frederik Andersen without a rebound.
15:45 of 2nd period - Jack Eichel wins face-off versus Jonathan Toews in Kings zone.
16:16 of 2nd period - Shot by Seth Jones.
16:16 of 2nd period - Stopped by Frederik Andersen with a rebound.
16:20 of 2nd period - Shot by Mikko Rantanen.
16:20 of 2nd period - Stopped by Frederik Andersen without a rebound.
16:21 of 2nd period - Sean Couturier wins face-off versus Corey Perry in Kings zone.
17:35 of 2nd period - Marc-Edouard Vlasic is hit by Martin Necas and loses puck.
18:19 of 2nd period - Rickard Rakell is hit by MacKenzie Weegar and loses puck.
18:33 of 2nd period - Jordan Eberle is hit by Jakob Chychrun and loses puck.
18:48 of 2nd period - Shot by Jack Eichel.
18:48 of 2nd period - Stopped by Frederik Andersen with a rebound.
19:20 of 2nd period - Shot by Jordan Staal.
19:20 of 2nd period - Stopped by Frederik Andersen without a rebound.
19:21 of 2nd period - Sean Couturier wins face-off versus Mikael Backlund in Kings zone.
Goals for this period are 0 for Blues vs 0 for Kings.
Shots for this period are 14 for Blues vs 6 for Kings.

3rd period


0:01 of 3rd period - Jack Eichel wins face-off versus Jonathan Toews in neutral zone.
0:24 of 3rd period - Shot by Josh Bailey.
0:24 of 3rd period - Shot Misses the Net.
0:26 of 3rd period - Shot by Ryan Pulock.
0:26 of 3rd period - Stopped by Frederik Andersen without a rebound.
0:27 of 3rd period - Martin Necas wins face-off versus Mikael Backlund in Kings zone.
1:02 of 3rd period - Marco Scandella is hit by Martin Necas and loses puck.
1:07 of 3rd period - Shot by Johnny Gaudreau.
1:07 of 3rd period - Shot Hit the Post.
1:21 of 3rd period - Shot by Sean Couturier.
1:21 of 3rd period - Deflect By Connor Brown.
1:21 of 3rd period - Shot Blocked by Stephen Johns.
1:35 of 3rd period - Shot by Jonathan Toews.
1:35 of 3rd period - Stopped by Carter Hart without a rebound.
1:36 of 3rd period - Jonathan Toews wins face-off versus Jack Eichel in Blues zone.
1:45 of 3rd period - Shot by Jordan Eberle.
1:45 of 3rd period - Shot Misses the Net.
2:05 of 3rd period - Shot by Mikko Rantanen.
2:05 of 3rd period - Deflect By Jack Eichel.
2:05 of 3rd period - Stopped by Frederik Andersen without a rebound.
2:06 of 3rd period - Sean Couturier wins face-off versus Nick Paul in Kings zone.
2:17 of 3rd period - Minor Penalty to Corey Perry for Hooking.
2:18 of 3rd period - Sean Couturier wins face-off versus Mikael Backlund in Kings zone.
2:27 of 3rd period - Shot by Jack Eichel.
2:27 of 3rd period - Stopped by Frederik Andersen without a rebound.
2:28 of 3rd period - Christian Dvorak wins face-off versus Mikael Backlund in Kings zone.
2:41 of 3rd period - Shot by Josh Bailey.
2:41 of 3rd period - Stopped by Frederik Andersen without a rebound.
2:42 of 3rd period - Sean Couturier wins face-off versus Jonathan Toews in Kings zone.
2:56 of 3rd period - Icing by Jakob Chychrun.
2:57 of 3rd period - Jonathan Toews wins face-off versus Sean Couturier in Blues zone.
3:12 of 3rd period - Shot by Jonathan Toews.
3:12 of 3rd period - Shot Misses the Net.
4:31 of 3rd period - Shot by Jordan Staal.
4:31 of 3rd period - Stopped by Frederik Andersen with a rebound.
5:07 of 3rd period - Shot by Corey Perry.
5:07 of 3rd period - Shot Blocked by Seth Jones.
5:22 of 3rd period - Corey Perry is hit by Jakob Chychrun.
5:27 of 3rd period - Corey Perry is hit by Jakob Chychrun and loses puck.
5:39 of 3rd period - Icing by Miles Wood.
5:40 of 3rd period - Jonathan Toews wins face-off versus Sean Couturier in Blues zone.
5:58 of 3rd period - Shot by MacKenzie Weegar.
5:58 of 3rd period - Shot Blocked by Rickard Rakell.
6:00 of 3rd period - Shot by Connor Brown.
6:00 of 3rd period - Shot Blocked by Jonathan Toews.
6:01 of 3rd period - Minor Penalty to Stephen Johns for Hooking.
6:02 of 3rd period - Johnny Gaudreau wins face-off versus Jonathan Toews in Kings zone.
6:06 of 3rd period - Josh Bailey is hit by Madison Bowey.
6:42 of 3rd period - Shot by Johnny Gaudreau.
6:42 of 3rd period - Stopped by Frederik Andersen without a rebound.
6:43 of 3rd period - Jonathan Toews wins face-off versus Sean Couturier in Kings zone.
7:02 of 3rd period - Icing by Connor Brown.
7:03 of 3rd period - Jonathan Toews wins face-off versus Sean Couturier in Blues zone.
7:50 of 3rd period - Shot by Rickard Rakell.
7:50 of 3rd period - Shot Blocked by Jack Eichel.
8:00 of 3rd period - Shot by Jordan Eberle.
8:00 of 3rd period - Shot Misses the Net.
8:02 of 3rd period - Shot by Nicolas Hague.
8:02 of 3rd period - Stopped by Carter Hart without a rebound.
8:03 of 3rd period - Jordan Staal wins face-off versus Nick Paul in Blues zone.
8:05 of 3rd period - Dougie Hamilton is hit by Zemgus Girgensons and loses puck.
9:07 of 3rd period - Shot by Mikael Backlund.
9:07 of 3rd period - Stopped by Carter Hart with a rebound.
9:09 of 3rd period - Shot by Jesper Fast.
9:09 of 3rd period - Shot Misses the Net.
9:11 of 3rd period - Shot by Jesper Fast.
9:11 of 3rd period - Stopped by Carter Hart with a rebound.
9:29 of 3rd period - Shot by Mikael Backlund.
9:29 of 3rd period - Deflect By Andre Burakovsky.
9:29 of 3rd period - Stopped by Carter Hart without a rebound.
9:30 of 3rd period - Josh Bailey wins face-off versus Jonathan Toews in Blues zone.
9:52 of 3rd period - Marco Scandella is hit by P.K. Subban.
9:54 of 3rd period - Shot by Jonathan Toews.
9:54 of 3rd period - Stopped by Carter Hart without a rebound.
9:55 of 3rd period - Sean Couturier wins face-off versus Lucas Wallmark in Blues zone.
10:11 of 3rd period - Shot by Lucas Wallmark.
10:11 of 3rd period - Shot Misses the Net.
10:43 of 3rd period - Connor Brown is hit by Lucas Wallmark and loses puck.
10:47 of 3rd period - Icing by Jakob Chychrun.
10:48 of 3rd period - Rickard Rakell wins face-off versus Connor Brown in Blues zone.
11:10 of 3rd period - Icing by Rickard Rakell.
11:11 of 3rd period - Jonathan Toews wins face-off versus Jack Eichel in Kings zone.
12:39 of 3rd period - Shot by Johnny Gaudreau.
12:39 of 3rd period - Shot Misses the Net.
13:01 of 3rd period - Shot by Connor Brown.
13:01 of 3rd period - Stopped by Frederik Andersen without a rebound.
13:02 of 3rd period - Jonathan Toews wins face-off versus Jack Eichel in Kings zone.
13:35 of 3rd period - Shot by Seth Jones.
13:35 of 3rd period - Shot Misses the Net.
14:36 of 3rd period - Shot by Martin Necas.
14:36 of 3rd period - Stopped by Frederik Andersen without a rebound.
14:37 of 3rd period - Lucas Wallmark wins face-off versus Jordan Staal in Kings zone.
14:37 of 3rd period - Lucas Wallmark is hit by Jordan Staal.
15:10 of 3rd period - Tyler Motte is hit by Jordan Staal and loses puck.
15:47 of 3rd period - Shot by Jesper Fast.
15:47 of 3rd period - Stopped by Carter Hart without a rebound.
15:48 of 3rd period - Sean Couturier wins face-off versus Jonathan Toews in Blues zone.
16:49 of 3rd period - Shot by Jack Eichel.
16:49 of 3rd period - Shot Blocked by Stephen Johns.
16:51 of 3rd period - Shot by P.K. Subban.
16:51 of 3rd period - Stopped by Frederik Andersen without a rebound.
16:52 of 3rd period - Christian Dvorak wins face-off versus Nick Paul in Kings zone.
16:59 of 3rd period - Shot by Martin Necas.
16:59 of 3rd period - Shot Misses the Net.
17:01 of 3rd period - Shot by Dougie Hamilton.
17:01 of 3rd period - Shot Misses the Net.
17:03 of 3rd period - Shot by Dougie Hamilton.
17:03 of 3rd period - Shot Misses the Net.
18:26 of 3rd period - Off-side.
18:27 of 3rd period - Sean Couturier wins face-off versus Jonathan Toews in neutral zone.
18:51 of 3rd period - Shot by Miles Wood.
18:51 of 3rd period - Deflect By Sean Couturier.
18:51 of 3rd period - Shot Misses the Net.
19:30 of 3rd period - Mikko Rantanen is hit by Jack Johnson and loses puck.
19:35 of 3rd period - Shot by Jack Eichel.
19:35 of 3rd period - Shot Misses the Net.
19:43 of 3rd period - Shot by Jack Eichel.
19:43 of 3rd period - Goal by Jack Eichel - Blues : 2 - Kings : 1.
19:44 of 3rd period - Sean Couturier wins face-off versus Zemgus Girgensons in neutral zone.
19:51 of 3rd period - Shot by Sean Couturier.
19:51 of 3rd period - Stopped by Frederik Andersen without a rebound.
19:52 of 3rd period - Sean Couturier wins face-off versus Zemgus Girgensons in Kings zone.
19:57 of 3rd period - Shot by Jack Eichel.
19:57 of 3rd period - Shot Misses the Net.
19:59 of 3rd period - Shot by Seth Jones.
19:59 of 3rd period - Shot Misses the Net.
Goals for this period are 1 for Blues vs 0 for Kings.
Shots for this period are 11 for Blues vs 7 for Kings.